 Dungeon Crawl Stone Soup version 0.19.1 (webtiles) character file.

91 Peloso the Covered (level 4, -3/31 HPs)
             Began as a Halfling Fighter on Nov 25, 2016.
             Slain by Crazy Yiuf
             ... wielding a +4 quarterstaff of chaos
              (7 damage)
             ... on level 2 of the Dungeon.
             The game lasted 00:03:07 (1339 turns).

Peloso the Covered (Halfling Fighter)               Turns: 1339, Time: 00:03:10

Health: -3/31      AC:  8    Str: 17    XL:     4   Next: 87%
Magic:  4/4        EV:  9    Int:  6    God:
Gold:   57         SH:  9    Dex: 14    Spells: 0 memorised, 3 levels left

rFire  . . .     SeeInvis .     a - +0 long sword
rCold  . . .     Gourm    .     b - +0 scale mail
rNeg   . . .     Faith    .     c - +0 shield
rPois  .         Spirit   .     (no helmet)
rElec  .         Reflect  .     u - +0 cloak
rCorr  .         Harm     .     (no gloves)
MR     .....     Rnd*Tele +     (no boots)
Stlth  ..........               (no amulet)
                                q - ring of teleportation (curse)
                                g - ring of flight

@: no status effects
A: mutation resistance 1
a: Evoke Flight


You were on level 2 of the Dungeon.
You were hungry.

You visited 1 branch of the dungeon, and saw 2 of its levels.

You collected 57 gold pieces.

Inventory:

Hand Weapons
 a - a +0 long sword (weapon)
 e - a +1 mace of protection
Armour
 b - a +0 scale mail (worn)
 c - a +0 shield (worn)
 u - a +0 cloak (worn)
Jewellery
 g - a ring of flight (left hand)
 q - a cursed ring of teleportation (right hand)
Scrolls
 h - a scroll of enchant armour {unknown}
 j - 2 scrolls of teleportation {unknown}
 n - a scroll of magic mapping {unknown}
 o - a scroll of enchant weapon {unknown}
 r - 4 scrolls of remove curse {unknown}
 s - a scroll of recharging {unknown}
 t - a scroll of amnesia {unknown}
 v - a scroll of noise {unknown}
 w - a scroll of identify {unknown}
Potions
 d - a potion of might
 i - 2 potions of flight {unknown}
 l - a potion of heal wounds {unknown}
Comestibles
 f - 3 bread rations
 k - a beef jerky
 m - 2 slices of pizza
 x - 12 fruits


   Skills:
 + Level 3.0 Fighting
 + Level 3.2 Long Blades
 + Level 4.1 Armour
 + Level 0.9 Dodging
 + Level 0.2 Stealth
 + Level 3.6 Shields


You had 3 spell levels left.
You didn't know any spells.

Dungeon Overview and Level Annotations

Branches:
Dungeon (2/15)

Altars:
Elyvilon

Annotations:
D:2 Crazy Yiuf


Innate Abilities, Weirdness & Mutations

You are small and have problems with some larger weapons.
You are somewhat resistant to further mutation.


Message History

You barely miss Crazy Yiuf.
Crazy Yiuf cries, "Two!
Pitchfork disdain mobile."
Crazy Yiuf hits you with a quarterstaff of chaos.
You hit Crazy Yiuf.
Crazy Yiuf is lightly wounded.
Crazy Yiuf hits you with a quarterstaff of chaos.
You barely miss Crazy Yiuf.
Crazy Yiuf is lightly wounded.
Crazy Yiuf yells, "Fire water forty-two!"
Crazy Yiuf hits you with a quarterstaff of chaos!
Crazy Yiuf burns you.
* * * LOW HITPOINT WARNING * * *
You hit Crazy Yiuf.
Crazy Yiuf is moderately wounded.
Crazy Yiuf hits you with a quarterstaff of chaos.
* * * LOW HITPOINT WARNING * * *
Crazy Yiuf burns you.
* * * LOW HITPOINT WARNING * * *
Crazy Yiuf hits you with a quarterstaff of chaos!
You die...

##....#####.#.#...######.>...
#.....# #.#.###.# ##..##
#.....# #.#..##.# #..##
##.##### ######### #..##
##..# #..## ##...#
♣♣♣♣♣#####..## ##.##.# ####
♣♣♣.♣....##..#.. #...#.#
#...#♣..♣............ ..⌠..(#
#..g@.♣♣♣♣........#.. #...###
#)..#♣♣ ♣♣....##.... ##.##
#### ♣♣#####...# #.# #....##.
#.##### #.....>. #.#(..#
###################.<...
##.##..#
#.#.......).........####
#...#..#
#.#.......#############.
).⌠....###.#.......#
##...###.


You could see Crazy Yiuf.

Vanquished Creatures
  3 adders (D:2)
  An ooze (D:1)
  A worm (D:2)
  4 dart slugs (D:1)
  3 giant cockroaches
  9 goblins
  5 hobgoblins
  7 kobolds
  2 quokkas (D:2)
  4 bats
  3 frilled lizards (D:1)
  4 rats (D:1)
46 creatures vanquished.

Notes
Turn   | Place    | Note
-------+----------+-------------------------------------------
     0 | D:1      | Peloso the Halfling Fighter began the quest for the Orb.
     0 | D:1      | Reached XP level 1. HP: 15/15 MP: 1/1
   151 | D:1      | Reached XP level 2. HP: 10/20 MP: 2/2
   235 | D:1      | Reached XP level 3. HP: 17/25 MP: 3/3
   674 | D:2      | Reached skill level 4 in Armour
   700 | D:2      | Reached XP level 4. HP: 30/30 MP: 4/4
   738 | D:2      | Found a white marble altar of Elyvilon.
  1042 | D:2      | Found a runed door.
  1334 | D:2      | Noticed Crazy Yiuf
  1339 | D:2      | Slain by Crazy Yiuf

Skill      XL: |  1  2  3  4 |
---------------+-------------+-----
Armour         | 4 |  4.1
Fighting       | 3 |  3.0
Long Blades    | 3 |  3.2
Dodging        | |  0.9
Stealth        | |  0.2
Shields        | |  3.6

Action                   |  1- 3 |  4- 6 || total
-------------------------+-------+-------++-------
Melee: Long sword        |    58 |    72 ||   130
  Eat: Chunk             |       |     1 ||     1
Armor: Scale mail        |    14 |    28 ||    42
Dodge: Dodged            |    21 |    29 ||    50
Block: Shield            |    26 |    41 ||    67
       Rpst.: Long sword |     6 |     7 ||    13
